 Dungeon Crawl Stone Soup version 0.25-a0-458-g6fc7858b95 (webtiles) character file.

Game seed: 2758789950742581337, levelgen mode: deterministic

53 Elellon the Conjurer (level 3, -11/19 HPs)
             Began as a Deep Elf Conjurer on Feb 2, 2020.
             Blown up by Ijyb (30 damage)
             ... with a disintegration bolt
             ... on level 2 of the Dungeon.
             The game lasted 00:01:56 (1763 turns).

Elellon the Conjurer (Deep Elf Conjurer)            Turns: 1763, Time: 00:01:56

Health: -11/19     AC:  2    Str:  6    XL:     3   Next: 64%
Magic:  6/10       EV: 13    Int: 19    God:
Gold:   118        SH:  0    Dex: 15    Spells: 7/10 levels left

rFire    . . .     SeeInvis .   (no weapon)
rCold    . . .     Gourm    .   (no shield)
rNeg     . . .     Faith    .   a - +0 robe
rPois    .         Spirit   .   (no helmet)
rElec    .         Reflect  .   (no cloak)
rCorr    .         Harm     .   (no gloves)
MR       .....                  (no boots)
Stlth    ++........             (no amulet)
HPRegen  0.06/turn              (no ring)
MPRegen  0.12/turn              (no ring)

@: no status effects
A: no striking features
a: no special abilities


You were on level 2 of the Dungeon.
You were not hungry.

You visited 1 branch of the dungeon, and saw 2 of its levels.

You collected 118 gold pieces.

Inventory:

Missiles
 l - 20 poisoned darts (quivered)
Armour
 a - a +0 robe (worn)
Jewellery
 b - a +3 amulet of reflection {unknown}
Scrolls
 d - a scroll of fear {unknown}
 f - a scroll of enchant armour {unknown}
 g - a scroll of random uselessness {unknown}
 h - 2 scrolls of enchant weapon {unknown}
 i - a scroll of remove curse {unknown}
 j - a scroll of blinking {unknown}
 m - 3 scrolls of identify {unknown}
 n - a scroll of magic mapping {unknown}
Potions
 e - a potion of flight {unknown}
 k - a potion of invisibility {unknown}
 p - a potion of berserk rage {unknown}
 q - a potion of brilliance {unknown}
Comestibles
 c - 4 rations
 o - 6 chunks of flesh


   Skills:
 - Level 2.4 Dodging
 - Level 2.4 Stealth
 + Level 4.4 Spellcasting
 + Level 5.2 Conjurations


You had 7 spell levels left.
You knew the following spells:

 Your Spells              Type           Power        Failure   Level  Hunger
a - Magic Dart            Conj           ###.         1%          1    None
b - Searing Ray           Conj           ###...       2%          2    #......

Your spell library contained the following spells:

 Spells                   Type           Power        Failure   Level  Hunger
 Dazzling Flash           Conj/Hex       ##....       14%         3    ###....
 Fulminant Prism          Conj/Hex       ##........   41%         4    ####...
 Iskenderun's Mystic Bla  Conj/Tloc      ##......     41%         4    ####...


Dungeon Overview and Level Annotations

Branches:
Dungeon (2/15)

Altars:
Sif Muna
Wu Jian
The Shining One

Annotations:
D:2 Ijyb


Message History

You can't see any susceptible monsters within range! (Use Z to cast anyway.) Unknown command. 4 goblins and Ijyb come into view.
A goblin is wielding a +0 dagger of draining.
Ijyb is wielding a +0 dagger and carrying a wand of disintegration (14).
The goblin shouts! x2
Casting: Searing Ray (safe; 2% risk of failure)
Confirm with . or Enter, or press ? or * to list all spells.
Aiming: Searing Ray (safe; 2% risk of failure)
Press: ? - help, Shift-Dir - straight line, f - goblin
Aim: a goblin, wielding a +0 dagger of draining The searing ray hits the goblin!
You kill the goblin! (Press . to maintain the ray.)
The searing ray hits the goblin.
You kill the goblin!
The searing ray hits Ijyb.
Ijyb is lightly wounded.
Ijyb zaps a wand.
You are blasted!
Ouch! That really hurt!
You die...

....##...##.....................#
#........##.......).............#
#..............#..............#.#
#..............#................#
.#.....#.......#................#
.#.....#...........####..........
.#.......###...########.#.......#
.................................
..###........#+#@....##.####.#.##
..##....................####)#.#
..#..........................#.#
..#.............)...(..#.....#.##
..+....#########g............#...
..#....# 8.8.8.8g#.......###.####
.##....# ..gg..gg..........#.#
.##.##.# ................#.#.####
.......# .............<.........#


You could see Ijyb and 3 goblins.

Vanquished Creatures
  An adder (D:2)
  3 dart slugs
  2 leopard geckos (D:1)
  3 goblins
  A hobgoblin (D:1)
  7 jackals
  8 bats
  A frilled lizard (D:2)
  4 kobolds (D:1)
  4 rats (D:1)
34 creatures vanquished.

Notes
Turn   | Place    | Note
-------+----------+-------------------------------------------
     0 | D:1      | Elellon the Deep Elf Conjurer began the quest for the Orb.
     0 | D:1      | Reached XP level 1. HP: 10/10 MP: 6/6
   244 | D:1      | Reached XP level 2. HP: 15/15 MP: 4/8
   844 | D:1      | Reached skill level 5 in Conjurations
  1010 | D:1      | Reached XP level 3. HP: 19/19 MP: 8/10
  1297 | D:2      | Found a glowing golden altar of the Shining One.
  1556 | D:2      | Learned a level 2 spell: Searing Ray
  1593 | D:2      | Found an ornate altar of the Wu Jian Council.
  1720 | D:2      | Found a shimmering blue altar of Sif Muna.
  1754 | D:2      | Noticed Ijyb
  1763 | D:2      | Blown up by Ijyb

Levels and vault maps discovered:
D:1:      dpeg_arrival_rhombi, layout_basic
D:2:      kennysheep_the_goblin_king, layout_basic, old_standard_altar,
          lemuel_round_altar, lemuel_coloured_pillars_altar, bh_walls_and_bars

Skill      XL: |  1  2 |
---------------+-------+-----
Spellcasting   | 4 |  4.4
Conjurations   | 5 |  5.2
Dodging        | |  2.4
Stealth        | |  2.4

Action                   || total
-------------------------++-------
 Cast: Magic Dart        ||    54
       Searing Ray       ||     2
  Eat: Chunk             ||     2
Armor: Robe              ||     1
Dodge: Dodged            ||     4

Table legend:
 A = Non-vault XP
 B = Vault XP
 C = Vault XP percentage of total XP
 D = Non-vault monster count
 E = Vault monster count
 F = Vault count percentage of total count
                 A         B        C        D         E       F
            +---------+---------+-------+---------+---------+-------
      Total |      73 |       4 |   5.2 |      32 |       2 |   5.9
            +---------+---------+-------+---------+---------+-------
        D:1 |      42 |       0 |   0.0 |      22 |       0 |   0.0
        D:2 |      31 |       4 |  11.4 |      10 |       2 |  16.7
            +---------+---------+-------+---------+---------+-------
